nyob, neutral male gnomish Caveman ---- ----- ---- ---..-- |...| --..-- -----|.....| |...| --....-- |...||....-- ---.| |......--|...--..--- ------ |.| ---.|.....||.......--- --...|.. |.| |...|.|..----...--...| ......- |.|---.--|.|-.| --...|---.--- ......| --.|....| |.-|.|--....---|...| -......| ----.....-----..|.|........|---.--|......--- | |........| |...|.|.-......-- |...|..........| |.@&...^-- |.--|...........| ---............| --......--- --- |.--.-.|...-- |.............| |........| |.||...|-..| |..........-- | --........| |.|---.----- |..........| |........-- |.| |..| -....*..---- |........-- |.| |..| ........| |.........-- |.-- ---- ........-- --......|..| |..| -.....---- |..|..---.| |..| ---..-- ------- --- ---- ---- nyob the Aborigine Experience level: 5 Strength: 18 Dexterity: 14 Constitution: 18 Intelligence: 7 Wisdom: 8 Charisma: 10 Health: 0(45) Energy: 19(19) Def: 8 Gold: 335 Moves: 2969 Dungeon seed: FNx2KFL7Rxknu6G8 Game ID: nyob_1522099035 Your Inventory: Coins $ - 335 gold pieces Weapons a - a +1 club (weapon in hand) b - a blessed +2 sling I - a +0 elven dagger Armor r - an uncursed +0 orcish helm (being worn) N - an uncursed +1 banded mail (being worn) Comestibles i - an uncursed tripe ration m - 4 uncursed food rations E - an uncursed tripe ration Scrolls M - an uncursed scroll of enchant armor Wands B - a wand of undead turning named nothing at monsters (0:3) Tools u - an uncursed towel D - an uncursed tallow candle (0:200) H - an uncursed brass lantern (lit) (0:709) K - an uncursed skeleton key X - an uncursed oil lamp (0:1089) Gems e - 11 uncursed flint stones (in quiver) n - 23 uncursed rocks q - 2 uncursed worthless pieces of violet glass x - an uncursed worthless piece of white glass y - an uncursed worthless piece of black glass z - 2 uncursed worthless pieces of yellowish brown glass C - an uncursed fluorite stone O - an uncursed chrysoberyl stone R - an uncursed worthless piece of orange glass S - an uncursed dilithium crystal V - an uncursed worthless piece of red glass Y - an uncursed garnet stone Spells and supernatural/magical abilities: Name Level Category Fail Memory s - slow monster 2 enchantment 100% 99% W - pray for help -- divine ? -- Your skills at the end: Fighting Skills bare handed combat [Basic] Weapon Skills club [Skilled] sling [Basic] Spellcasting Skills Final Attributes: You were piously aligned. You were poison resistant. You had infravision. You are dead. Vanquished creatures: a leprechaun a rock piercer a gray ooze a floating eye a kobold lord 4 rothes a rabid rat a centipede a monkey 2 orc zombies a coyote 3 hobbits 2 large kobolds a hobgoblin 2 giant rats a cave spider 3 yellow molds 2 green molds 4 gnomes 8 garter snakes a gnome zombie 2 geckos 9 jackals 3 foxes 3 goblins 6 grid bugs 6 lichens 7 kobold zombies 5 newts 83 creatures vanquished. Voluntary challenges: You had been an atheist until turn 2924. You used a wielded weapon 65 times, starting on turn 65. You read items or engraved 7 times, starting on turn 1361. You never genocided any monsters. You never polymorphed an object. You never changed form. You used no wishes. You never split a pudding. You never wrote Elbereth's name. You never violated your personal moral code. Dungeon overview: The Dungeons of Doom: levels 1 to 2 Level 1 (treasury) a long staircase Level 2 a potion shop stairs to The Gnomish Mines The Gnomish Mines: levels 3 to 7 Level 3 stairs to The Dungeons of Doom Level 4 Level 5 many shops, a temple to Anu, some fountains Level 6 Level 7 <- You were here History has recorded: On T:1 you entered the Dungeons of Doom to retrieve the Amulet of Yendor! On T:230 you reached level 2 of The Dungeons of Doom. On T:610 you advanced to experience level 2. On T:645 you reached level 1 of The Gnomish Mines. On T:900 you advanced to experience level 3. On T:1145 you reached level 2 of The Gnomish Mines. On T:1211 you advanced to experience level 4. On T:1522 you reached level 3 of The Gnomish Mines. On T:2402 you reached level 4 of The Gnomish Mines. On T:2447 you advanced to experience level 5. On T:2751 you reached level 5 of The Gnomish Mines. Score breakdown: Gold: 335 ( 8593 points) Experience: 5 levels (11141 points) Exploration: 7 levels ( 14.58%) (10718 points) Discoveries: 13 items ( 4.35%) ( 6255 points) Valuables value: (no points given unless you survive) Artifact value: 0 ( 0 points) Variety of kills: 29 monsters ( 7.61%) ( 8276 points) Turncount: 2969 turns ( -584 points) Survival: died (score multiplied by 80%) Total score: 35519 Latest messages: You hit the centipede! You kill the centipede! You displace stupid. You see here a lamp. X - a lamp. You are now wielding your lamp. In a cloud of smoke, a djinni emerges! The djinni speaks. "You disturbed me, fool!" The djinni hits! You begin praying to Ishtar. You are surrounded by a shimmering light. The djinni starts to attack you, but pulls back. (3x) You feel that Ishtar is well-pleased. You are now wielding your club. The djinni hits! (3x) You miss the djinni. The djinni hits! You hit the djinni! The djinni hits! You hit the djinni! The djinni hits! You die... Final status: Goodbye nyob the Caveman, killed by a djinni... You died in The Gnomish Mines on dungeon level 7 with 35519 points, and 335 pieces of gold, after 2969 moves. You were level 5 with a maximum of 45 hit points when you died.